EVO
UNIVERSITY OF CALIFORNIA GOLDEN BEARS @ PENNSYLVANIA STATE UNIVERSITY NITTANY LIONS
09/22/2047
 
TOP OF THE 1ST
University of California Golden Bears batting - Pitching for Pennsylvania State University Nittany Lions : LHP Mike Anderson
Pitching: LHP Mike Anderson
Batting: RHB Mike Trueblood 0-0: Ball
1-0: Ball
2-0: SINGLE (Groundball, 6MD, EV 96.9 MPH)
Batting: RHB Ivan Rivera 0-0: DOUBLE (Flyball, 8RXD, EV 98.8 MPH)
Mike Trueblood to third
Batting: LHB Carlos Gaona 0-0: Called Strike
0-1: Ball
1-1: Foul Ball, location: 2F
1-2: Ball
2-2: Ground out 3-1 (Groundball, 34S, EV 89.4 MPH)
Mike Trueblood scores
Ivan Rivera to third
Batting: RHB Nate Mahon 0-0: 2-RUN HOME RUN (Flyball, 7D, EV 98.1 MPH), Distance : 385 ft
Batting: RHB Steve Kirby 0-0: Ball
1-0: Called Strike
1-1: Called Strike
1-2: Strikes out swinging
Batting: RHB Shawn Jansen 0-0: Called Strike
0-1: Swinging Strike
0-2: Ball
1-2: Ball
2-2: Ball
3-2: Strikes out looking
Top of the 1st over - 3 runs, 3 hits, 0 errors, 0 left on base; University of California 3 - Pennsylvania State University 0
BOTTOM OF THE 1ST
Pennsylvania State University Nittany Lions batting - Pitching for University of California Golden Bears : RHP Karl-Anthony Aure
Pitching: RHP Karl-Anthony Aure
Batting: RHB Francisco Velazquez 0-0: Ball
1-0: Ball
2-0: Called Strike
2-1: Ball
3-1: Base on Balls
Batting: RHB Pete Martin 0-0: Ball
1-0: Ball
2-0: Called Strike
2-1: Foul Ball, location: 2F
2-2: Grounds into double play, 4-6-3 (Groundball, 4S, EV 88.1 MPH)
Batting: RHB Victor Victorino 0-0: Ground out 6-3 (Groundball, 6, EV 100.6 MPH)
Bottom of the 1st over - 0 runs, 0 hits, 0 errors, 0 left on base; University of California 3 - Pennsylvania State University 0
TOP OF THE 2ND
University of California Golden Bears batting - Pitching for Pennsylvania State University Nittany Lions : LHP Mike Anderson
Batting: RHB Ahmed Elezi 0-0: Ball
1-0: Ball
2-0: Foul Ball, location: 2F
2-1: Foul Ball, location: 2F
2-2: Strikes out looking
Batting: RHB Juan Debayle 0-0: Ball
1-0: Ball
2-0: Foul Ball, location: 2F
2-1: Swinging Strike
2-2: Foul Ball, location: 2F
2-2: Foul Ball, location: 2F
2-2: Ball
3-2: Base on Balls
Batting: LHB Luis Orellana 0-0: Ball
1-0: Swinging Strike
1-1: Foul Ball, location: 2F
1-2: Ball
2-2: Fly out, F9 (Flyball, 9LSF, EV 91.2 MPH)
Batting: RHB Mike Trueblood 0-0: Ball
1-0: Ground out 4-3 (Groundball, 4, EV 81.2 MPH)
Top of the 2nd over - 0 runs, 0 hits, 0 errors, 1 left on base; University of California 3 - Pennsylvania State University 0
BOTTOM OF THE 2ND
Pennsylvania State University Nittany Lions batting - Pitching for University of California Golden Bears : RHP Karl-Anthony Aure
Batting: RHB Guy Jock 0-0: Single, Error in OF, E8, batter to second base (Groundball, 4MD, EV 97.5 MPH)
Batting: RHB Kevin Claus 0-0: Called Strike
0-1: SINGLE (Groundball, 56, EV 96.9 MPH)
Guy Jock to third
Batting: RHB Jesse Bandt 0-0: Fly out, F8 (Flyball, 8LM, EV 88.8 MPH)
Runner from 3rd tags up, SCORES, throw by CF
Batting: RHB James Steinmetz 0-0: Ball
1-0: Grounds into double play, 6-4-3 (Groundball, 6S, EV 82.5 MPH)
Bottom of the 2nd over - 1 run, 2 hits, 1 error, 0 left on base; University of California 3 - Pennsylvania State University 1
TOP OF THE 3RD
University of California Golden Bears batting - Pitching for Pennsylvania State University Nittany Lions : LHP Mike Anderson
Batting: RHB Ivan Rivera 0-0: Fly out, F9 (Flyball, 9, EV 90.6 MPH)
Batting: LHB Carlos Gaona 0-0: Ball
1-0: SOLO HOME RUN (Flyball, 78XD, EV 106.9 MPH), Distance : 431 ft
Batting: RHB Nate Mahon 0-0: Ball
1-0: Ball
2-0: Fly out, F9 (Flyball, 9LMF, EV 98.1 MPH)
Batting: RHB Steve Kirby 0-0: Ball
1-0: Ball
2-0: Called Strike
2-1: Called Strike
2-2: Strikes out looking
Top of the 3rd over - 1 run, 1 hit, 0 errors, 0 left on base; University of California 4 - Pennsylvania State University 1
BOTTOM OF THE 3RD
Pennsylvania State University Nittany Lions batting - Pitching for University of California Golden Bears : RHP Karl-Anthony Aure
Batting: LHB Dan Lape 0-0: Ball
1-0: Foul Ball, location: 2F
1-1: Ball
2-1: Ball
3-1: Base on Balls
Batting: RHB Perry Brantley 0-0: Called Strike
0-1: Ball
1-1: Ball
2-1: Called Strike
2-2: Strikes out swinging
Batting: RHB Francisco Velazquez 0-0: Swinging Strike
0-1: Ball
1-1: Swinging Strike
1-2: Ball
2-2: Strikes out looking
Batting: RHB Pete Martin 0-0: Ball
1-0: Foul Ball, location: 2F
1-1: Called Strike
1-2: 2-RUN HOME RUN (Flyball, 7D, EV 96.2 MPH), Distance : 379 ft
Batting: RHB Victor Victorino 0-0: Called Strike
0-1: Ball
1-1: Ball
2-1: Ground out 5-3 (Groundball, 5, EV 105.6 MPH)
Bottom of the 3rd over - 2 runs, 1 hit, 0 errors, 0 left on base; University of California 4 - Pennsylvania State University 3
TOP OF THE 4TH
University of California Golden Bears batting - Pitching for Pennsylvania State University Nittany Lions : LHP Mike Anderson
Batting: RHB Shawn Jansen 0-0: Ball
1-0: Ball
2-0: Fly out, F7 (Flyball, 7S, EV 77.5 MPH)
Batting: RHB Ahmed Elezi 0-0: Ball
1-0: Called Strike
1-1: Ball
2-1: Foul Ball, location: 2F
2-2: Fly out, F3 (Popup, 3F, EV 70.0 MPH)
Batting: RHB Juan Debayle 0-0: Ball
1-0: Ball
2-0: Called Strike
2-1: Called Strike
2-2: Ground out 6-3 (Groundball, 6, EV 87.5 MPH)
Top of the 4th over - 0 runs, 0 hits, 0 errors, 0 left on base; University of California 4 - Pennsylvania State University 3
BOTTOM OF THE 4TH
Pennsylvania State University Nittany Lions batting - Pitching for University of California Golden Bears : RHP Karl-Anthony Aure
Batting: RHB Guy Jock 0-0: Ball
1-0: Ground out 6-3 (Groundball, 6, EV 105.0 MPH)
Batting: RHB Kevin Claus 0-0: Swinging Strike
0-1: SINGLE (Flyball, 78S, EV 94.4 MPH)
Batting: RHB Jesse Bandt 0-0: Called Strike
0-1: Ball
1-1: Foul Ball, location: 2F
1-2: Ball
2-2: Foul Ball, location: 2F
2-2: Grounds into double play, 5-4-3 (Groundball, 15, EV 82.5 MPH)
Bottom of the 4th over - 0 runs, 1 hit, 0 errors, 0 left on base; University of California 4 - Pennsylvania State University 3
TOP OF THE 5TH
University of California Golden Bears batting - Pitching for Pennsylvania State University Nittany Lions : LHP Mike Anderson
Batting: LHB Luis Orellana 0-0: Fly out, F9 (Line Drive, 9, EV 98.8 MPH)
Batting: RHB Mike Trueblood 0-0: Ball
1-0: Foul Ball, location: 2F
1-1: Ground out 4-3 (Groundball, 4, EV 100.6 MPH)
Batting: RHB Ivan Rivera 0-0: Fly out, F9 (Line Drive, 9LM, EV 93.1 MPH)
Top of the 5th over - 0 runs, 0 hits, 0 errors, 0 left on base; University of California 4 - Pennsylvania State University 3
BOTTOM OF THE 5TH
Pennsylvania State University Nittany Lions batting - Pitching for University of California Golden Bears : RHP Karl-Anthony Aure
Batting: RHB James Steinmetz 0-0: Ball
1-0: Ball
2-0: Ball
3-0: Called Strike
3-1: Base on Balls
Batting: LHB Dan Lape 0-0: Ball
1-0: Called Strike
1-1: Ball
2-1: Foul Ball, location: 2F
2-2: Foul Ball, location: 2F
2-2: Ball
3-2: Base on Balls
James Steinmetz to second
Batting: RHB Perry Brantley 0-0: Ball
1-0: Ball
2-0: Foul Ball, location: 2F
2-1: Fly out, F9 (Flyball, 9D, EV 106.2 MPH)
Runner from 2nd tags up, SAFE at 3rd, no throw by RF
Batting: RHB Francisco Velazquez 0-0: Foul Ball, location: 2F
0-1: Swinging Strike
0-2: Ball
1-2: Ball
2-2: Ball
3-2: Fly out, F9 (Flyball, 9S, EV 91.9 MPH)
Batting: RHB Pete Martin 0-0: Called Strike
0-1: Hit by Pitch
Dan Lape to second
Batting: RHB Victor Victorino 0-0: Ball
1-0: Swinging Strike
1-1: Ground out 6-3 (Groundball, 6S, EV 89.4 MPH)
Bottom of the 5th over - 0 runs, 0 hits, 0 errors, 3 left on base; University of California 4 - Pennsylvania State University 3
TOP OF THE 6TH
University of California Golden Bears batting - Pitching for Pennsylvania State University Nittany Lions : LHP Mike Anderson
Batting: LHB Carlos Gaona 0-0: Called Strike
0-1: Called Strike
0-2: Foul Ball, location: 2F
0-2: Ball
1-2: Foul Ball, location: 2F
1-2: Fly out, F8 (Line Drive, 8RD, EV 96.2 MPH)
Pitching: RHP Velimir Danicic
Batting: RHB Nate Mahon 0-0: Swinging Strike
0-1: Foul Ball, location: 2F
0-2: Foul Ball, location: 2F
0-2: Ball
1-2: Ball
2-2: Ball
3-2: Foul Ball, location: 2F
3-2: Fly out, F7 (Flyball, 7, EV 95.0 MPH)
Batting: RHB Steve Kirby 0-0: Ball
1-0: Fly out, F8 (Flyball, 78XD, EV 105.0 MPH)
Top of the 6th over - 0 runs, 0 hits, 0 errors, 0 left on base; University of California 4 - Pennsylvania State University 3
BOTTOM OF THE 6TH
Pennsylvania State University Nittany Lions batting - Pitching for University of California Golden Bears : RHP Karl-Anthony Aure
Batting: RHB Guy Jock 0-0: Fly out, F9 (Flyball, 89D, EV 78.1 MPH)
Batting: RHB Kevin Claus 0-0: Ball
1-0: SINGLE (Groundball, 56S, EV 71.2 MPH) (infield hit)
Pitching: LHP Jimmy Bolton
Batting: RHB Jesse Bandt 0-0: Ball
Wild Pitch!
Kevin Claus to second
1-0: Called Strike
1-1: Swinging Strike
1-2: Ball
2-2: Strikes out swinging
Batting: RHB James Steinmetz 0-0: Ball
1-0: Ball
2-0: Ball
3-0: Base on Balls
Batting: LHB Dan Lape 0-0: Ball
1-0: Foul Ball, location: 2F
1-1: Foul Ball, location: 2F
1-2: Ball
2-2: Ball
3-2: Strikes out swinging
Bottom of the 6th over - 0 runs, 1 hit, 0 errors, 2 left on base; University of California 4 - Pennsylvania State University 3
TOP OF THE 7TH
University of California Golden Bears batting - Pitching for Pennsylvania State University Nittany Lions : RHP Velimir Danicic
Pitching: LHP Yari Rono
Batting: RHB Shawn Jansen 0-0: Swinging Strike
0-1: Ball
1-1: Ball
2-1: Called Strike
2-2: Ball
3-2: Foul Ball, location: 2F
3-2: Ground out 4-3 (Groundball, 4, EV 89.4 MPH)
Batting: RHB Ahmed Elezi 0-0: Foul Ball, location: 2F
0-1: Ball
1-1: Swinging Strike
1-2: Fly out, F8 (Flyball, 8LD, EV 96.9 MPH)
Batting: RHB Juan Debayle 0-0: Ball
1-0: Ball
2-0: Ball
3-0: Base on Balls
Batting: LHB Luis Orellana 0-0: Ball
1-0: Fly out, F8 (Flyball, 8LM, EV 75.6 MPH)
Top of the 7th over - 0 runs, 0 hits, 0 errors, 1 left on base; University of California 4 - Pennsylvania State University 3
BOTTOM OF THE 7TH
Pennsylvania State University Nittany Lions batting - Pitching for University of California Golden Bears : LHP Jimmy Bolton
Pitching: LHP Adam Gavel
Batting: RHB Perry Brantley 0-0: Ball
1-0: Foul Ball, location: 2F
1-1: Ball
2-1: Foul Ball, location: 2F
2-2: Strikes out swinging
Batting: RHB Francisco Velazquez 0-0: Ball
1-0: Foul Ball, location: 2F
1-1: Ball
2-1: Ground out 6-3 (Groundball, 6, EV 85.0 MPH)
Batting: RHB Pete Martin 0-0: Foul Ball, location: 2F
0-1: Ball
1-1: Ball
2-1: Foul Ball, location: 2F
2-2: Strikes out swinging
Bottom of the 7th over - 0 runs, 0 hits, 0 errors, 0 left on base; University of California 4 - Pennsylvania State University 3
TOP OF THE 8TH
University of California Golden Bears batting - Pitching for Pennsylvania State University Nittany Lions : LHP Yari Rono
Pitching: LHP Roberto Mendez
Batting: RHB Mike Trueblood 0-0: Ball
1-0: Ball
2-0: Ball
3-0: Called Strike
3-1: Base on Balls
Batting: RHB Ivan Rivera 0-0: Ball
1-0: Foul Ball, location: 2F
1-1: Ball
2-1: 2-RUN HOME RUN (Line Drive, 78XD, EV 100.6 MPH), Distance : 422 ft
Batting: LHB Carlos Gaona 0-0: Ball
1-0: Fly out, F8 (Flyball, 8RXD, EV 108.8 MPH)
Batting: RHB Nate Mahon 0-0: Ball
1-0: Ball
2-0: Foul Ball, location: 2F
2-1: Ball
3-1: Base on Balls
Batting: RHB Steve Kirby 0-0: Ball
1-0: Ball
2-0: Called Strike
2-1: Grounds into double play, 6-4-3 (Groundball, 6M, EV 98.8 MPH)
Top of the 8th over - 2 runs, 1 hit, 0 errors, 0 left on base; University of California 6 - Pennsylvania State University 3
BOTTOM OF THE 8TH
Pennsylvania State University Nittany Lions batting - Pitching for University of California Golden Bears : LHP Adam Gavel
Pitching: LHP Kimmo-Mikka Koistinen
Batting: RHB Victor Victorino 0-0: Foul Ball, location: 2F
0-1: Ball
1-1: Ball
2-1: Fly out, F9 (Flyball, 89S, EV 98.1 MPH)
Batting: RHB Guy Jock 0-0: Called Strike
0-1: Ball
1-1: Swinging Strike
1-2: Ball
2-2: Foul Ball, location: 2F
2-2: Ball
3-2: SINGLE (Groundball, 6M, EV 80.0 MPH) (infield hit)
Batting: RHB Kevin Claus 0-0: Ball
1-0: Called Strike
1-1: Ball
2-1: SINGLE (Groundball, 6MD, EV 105.0 MPH)
Guy Jock to second
Runner from 2nd tries for 3rd, SAFE, no throw by CF
Pitching: RHP Luis Lopez
Pinch Hitting: RHB Josh Ebeling 0-0: Foul Ball, location: 2F
0-1: Swinging Strike
0-2: Ball
1-2: Strikes out swinging
Batting: RHB James Steinmetz 0-0: Called Strike
0-1: Ball
1-1: Ball
2-1: Foul Ball, location: 2F
2-2: DOUBLE (Flyball, 9LM, EV 101.2 MPH)
Guy Jock scores
Kevin Claus to third
Pitching: LHP Chad Torres
Pinch Hitting: RHB Zachary Roberts 0-0: Ball
1-0: Foul Ball, location: 2F
1-1: Foul Ball, location: 2F
1-2: Foul Ball, location: 2F
1-2: Foul Ball, location: 2F
1-2: Foul Ball, location: 2F
1-2: Ball
2-2: Strikes out swinging
Bottom of the 8th over - 1 run, 3 hits, 0 errors, 2 left on base; University of California 6 - Pennsylvania State University 4
TOP OF THE 9TH
University of California Golden Bears batting - Pitching for Pennsylvania State University Nittany Lions : LHP Roberto Mendez
Pitching: RHP Preki Nedic
Now at C: Zachary Roberts
Now at 2B: Joe Strachan
Batting: RHB Shawn Jansen 0-0: Called Strike
0-1: Ball
1-1: Ground out 1-3 (Groundball, 23, EV 73.1 MPH)
Batting: RHB Ahmed Elezi 0-0: Swinging Strike
0-1: Ball
1-1: Ball
2-1: Fly out, F8 (Flyball, 8LS, EV 78.1 MPH)
Batting: RHB Juan Debayle 0-0: Ball
1-0: Fly out, F7 (Line Drive, 7, EV 104.4 MPH)
Top of the 9th over - 0 runs, 0 hits, 0 errors, 0 left on base; University of California 6 - Pennsylvania State University 4
BOTTOM OF THE 9TH
Pennsylvania State University Nittany Lions batting - Pitching for University of California Golden Bears : LHP Chad Torres
Pitching: RHP Howie Abrams
Batting: RHB Perry Brantley 0-0: Ball
1-0: Foul Ball, location: 2F
1-1: Ball
2-1: Ground out 2-3 (Groundball, 13S, EV 65.6 MPH)
Batting: RHB Francisco Velazquez 0-0: Ball
1-0: Called Strike
1-1: Ball
2-1: Ball
3-1: Foul Ball, location: 2F
3-2: Base on Balls
Batting: RHB Pete Martin 0-0: Ball
1-0: Called Strike
1-1: Called Strike
1-2: 2-RUN HOME RUN (Line Drive, 7D, EV 95.6 MPH), Distance : 383 ft
Batting: RHB Victor Victorino 0-0: Swinging Strike
0-1: Ball
1-1: Foul Ball, location: 2F
1-2: Foul Ball, location: 2F
1-2: Ball
2-2: Foul Ball, location: 2F
2-2: Foul Ball, location: 2F
2-2: Fly out, F7 (Flyball, 78M, EV 97.5 MPH)
Batting: RHB Guy Jock 0-0: Called Strike
0-1: Foul Ball, location: 2F
0-2: Ball
1-2: Foul Ball, location: 2F
1-2: Ball
2-2: Foul Ball, location: 2F
2-2: Fly out, F2 (Popup, 2LF, EV 89.4 MPH)
Bottom of the 9th over - 2 runs, 1 hit, 0 errors, 0 left on base; University of California 6 - Pennsylvania State University 6
TOP OF THE 10TH
University of California Golden Bears batting - Pitching for Pennsylvania State University Nittany Lions : RHP Preki Nedic
Batting: LHB Luis Orellana 0-0: Ground out 4-3 (Groundball, 4, EV 102.5 MPH)
Batting: RHB Mike Trueblood 0-0: Ball
1-0: Swinging Strike
1-1: Ball
2-1: Foul Ball, location: 2F
2-2: Ball
3-2: Foul Ball, location: 2F
3-2: SINGLE (Line Drive, 89S, EV 99.4 MPH)
Batting: RHB Ivan Rivera 0-0: Ball
1-0: Called Strike
1-1: SINGLE (Groundball, 6MD, EV 98.1 MPH)
Mike Trueblood to second
Runner from 2nd tries for 3rd, SAFE, no throw by CF
Pitching: RHP Tony Corona
Batting: LHB Carlos Gaona 0-0: Called Strike
0-1: Called Strike
0-2: Foul Ball, location: 2F
0-2: Strikes out swinging
Batting: RHB Nate Mahon 0-0: Foul Ball, location: 2F
0-1: Ball
1-1: Ball
2-1: Ball
3-1: SINGLE (Groundball, 6D, EV 110.0 MPH)
Mike Trueblood scores
Ivan Rivera to second
Batting: RHB Steve Kirby 0-0: Ball
1-0: Foul Ball, location: 2F
1-1: Ball
2-1: Ball
3-1: Base on Balls
Ivan Rivera to third
Nate Mahon to second
Batting: RHB Shawn Jansen 0-0: Ball
1-0: Swinging Strike
1-1: Called Strike
1-2: Strikes out looking
Top of the 10th over - 1 run, 3 hits, 0 errors, 3 left on base; University of California 7 - Pennsylvania State University 6
BOTTOM OF THE 10TH
Pennsylvania State University Nittany Lions batting - Pitching for University of California Golden Bears : RHP Howie Abrams
Pitching: LHP John van Asten
Batting: RHB Kevin Claus 0-0: Called Strike
0-1: Called Strike
0-2: Strikes out swinging
Batting: RHB Joe Strachan 0-0: Called Strike
0-1: Ball
1-1: Fly out, F8 (Flyball, 8LD, EV 101.9 MPH)
Batting: RHB James Steinmetz 0-0: Ball
1-0: Fly out, F7 (Line Drive, 7LM, EV 98.1 MPH)
Bottom of the 10th over - 0 runs, 0 hits, 0 errors, 0 left on base; University of California 7 - Pennsylvania State University 6
Thursday, December 15th , 2022 - OOTP Baseball 23.9 Build 102